 Dungeon Crawl Stone Soup version 0.31-a0-102-g33a4ccc0cb (webtiles) character file.

Game seed: 6116600575675556401

9921 Chodeload the Destroyer (level 11, -2/63 HPs)
             Began as a Deep Elf Wanderer on May 27, 2023.
             Was a Priest of Vehumet.
             Shot with an arrow by a centaur warrior (27 damage)
             ... on level 10 of the Dungeon.
             The game lasted 01:27:26 (10700 turns).

Chodeload the Destroyer (Deep Elf Wanderer)        Turns: 10700, Time: 01:27:27

Health: -2/63      AC:  5    Str: 15    XL:     11   Next: 29%
Magic:  27/31      EV: 12    Int: 28    God:    Vehumet [***...]
Gold:   199        SH:  0    Dex: 14    Spells: 2/22 levels left

rFire   + . .        b - +0 hand crossbow (freeze)
rCold   + + .        (no shield)
rNeg    . . .        w - +2 robe {rC+ rF+}
rPois   .            (no helmet)
rElec   .            F - +0 cloak
rCorr   .            (no gloves)
SInv    .            (no boots)
Will    +....        (no amulet)
Stlth   +            N - ring "Riedi" {Drain Fly rC+ Str+6 Int+6}
HPRegen 0.30/turn    y - ring of magical power
MPRegen 0.22/turn

%: no passive effects
@: flying
A: no striking features
a: Renounce Religion


You were on level 10 of the Dungeon.
You worshipped Vehumet.
Vehumet was most pleased with you.
You visited 2 branches of the dungeon, and saw 11 of its levels.

You collected 546 gold pieces.
You spent 347 gold pieces at shops.

Inventory:

Hand Weapons
 a - a +3 dagger of venom
 b - a +0 hand crossbow of freezing (weapon)
 c - a +2 spear of venom
 d - the +3 rapier of Fedhas's Favour {drain, rElec Dex+2}
   (You found it on level 3 of the Dungeon)

   Dex:       It affects your dexterity (+2).
   rElec:     It insulates you from electricity.
 e - the +5 woodcutter's axe
   (You found it on level 7 of the Dungeon)
Missiles
 p - 109 stones
 z - 2 poisoned darts
 D - 3 boomerangs of dispersal
Armour
 w - a +2 robe of resistance (worn)
 F - a +0 cloak (worn)
 K - a +0 buckler
Magical Staves
 J - a staff of death
Jewellery
 i - a ring of protection from fire
 l - a ring of resist corrosion
 y - a ring of magical power (right hand)
 L - a ring of protection from cold
 N - the ring "Riedi" (left hand) {Drain Fly rC+ Str+6 Int+6}
   (You found it on level 9 of the Dungeon)

   [ring of strength]

   Str:       It affects your strength (+6).
   Int:       It affects your intelligence (+6).
   rC:        It protects you from cold.
   Fly:       It grants you flight.
   Drain:     It drains your maximum health when unequipped.
Wands
 B - a wand of flame (14)
 M - a wand of paralysis (6)
Scrolls
 h - a scroll of magic mapping
 k - 2 scrolls of fear
 n - 3 scrolls of poison
 q - 2 scrolls of amnesia
 r - a scroll of blinking
 t - a scroll of noise
 x - 2 scrolls of vulnerability
 A - 2 scrolls of enchant armour
 E - 6 scrolls of teleportation
 G - a scroll of brand weapon
 H - a scroll of summoning {unknown}
 I - a scroll of immolation
Potions
 f - 2 potions of ambrosia
 g - a potion of enlightenment
 j - 2 potions of mutation
 m - 3 potions of curing
 o - 2 potions of might
 s - a potion of attraction {unknown}
 u - 2 potions of lignification
 v - 3 potions of cancellation
 C - 3 potions of invisibility {unknown}
 P - a potion of heal wounds {unknown}
Miscellaneous
 O - a phantom mirror


   Skills:
 + Level 5.1 Fighting
 - Level 4.2 Ranged Weapons
 - Level 2.4 Dodging
 - Level 6.0 Spellcasting
 - Level 10.0 Conjurations
 - Level 8.0 Hexes
 - Level 4.0 Summonings
 - Level 10.0 Ice Magic
 - Level 7.0 Air Magic
 - Level 1.0 Invocations


You had 2 spell levels left.
You knew the following spells:

 Your Spells              Type           Power      Damage    Failure   Level
a - Summon Small Mammal   Summ           100%       N/A       1%          1
b - Slow                  Hex            100%       N/A       1%          1
c - Summon Guardian Gole  Hex/Summ       37%        N/A       1%          3
d - Tukima's Dance        Hex            52%        N/A       1%          3
e - Fulminant Prism       Conj/Hex       26%        3d14      1%          4
f - Ozocubu's Armour      Ice            59%        N/A       1%          3
g - Freezing Cloud        Conj/Ice/Air   26%        6-21      1%          5

Your spell library contained the following spells:

 Spells                   Type           Power      Damage    Failure   Level
 Static Discharge         Conj/Air       100%       2-7/arc   1%          2
 Magic Dart               Conj           100%       1d8       1%          1
 Call Imp                 Summ           60%        N/A       1%          2
 Momentum Strike          Conj/Tloc      64%        3d9       1%          2
 Poisonous Vapours        Pois/Air       46%        N/A       1%          2
 Beastly Appendage        Tmut           16%        N/A       6%          1
 Blink                    Tloc           16%        N/A       9%          2
 Lesser Beckoning         Tloc           16%        N/A       9%          2
 Wereblood                Tmut           8%         N/A       9%          2
 Confusing Touch          Hex            52%        N/A       1%          3
 Inner Flame              Hex/Fire       26%        N/A       1%          3
 Mephitic Cloud           Conj/Pois/Air  34%        N/A       1%          3
 Cause Fear               Hex            26%        N/A       2%          4
 Flame Wave               Conj/Fire      32%        2d9       3%          4
 Iskenderun's Mystic Bla  Conj/Tloc      32%        2d8       3%          4
 Sticky Flame             Conj/Fire      32%        2d5       3%          4
 Volatile Blastmotes      Fire/Tloc      8%         2d10      7%          3
 Vampiric Draining        Necr           8%         2d6       19%         3
 Ozocubu's Refrigeration  Ice            29%        4d14      21%         7
 Spider Form              Tmut/Pois      4%         N/A       24%         3
 Lee's Rapid Deconstruct  Erth           4%         3d5*      38%         5


Dungeon Overview and Level Annotations

Branches:
Dungeon (10/15)            Temple (1/1) D:5            Lair (0/5) D:8
    Orc (0/2) D:10

Altars:
Ashenzari
Cheibriados
Dithmenos
Elyvilon
Gozag
Hepliaklqana
Kikubaaqudgha
Makhleb
Nemelex Xobeh
Okawaru
Qazlal
Ru
Trog
Uskayaw
Vehumet
Wu Jian
Xom
Yredelemnul
Zin
The Shining One

Shops:
D:2 ?   D:3 (   D:8 =

Annotations:
D:1 exclusion: downstairs
D:7 exclusion: downstairs


Message History

The vampire mosquito attacks as you move away!
The vampire mosquito bites you!
The vampire mosquito draws strength from your injuries!
The vampire mosquito closely misses you.
Casting: Summon Guardian Golem (safe; 1% risk of failure)
Confirm with . or Enter, or press ? or * to list all spells.
A guardian golem appears, shielding your allies.
The vampire mosquito closely misses you.
You swap places.
The vampire mosquito bites your guardian golem.
The vampire mosquito bites your guardian golem!
The vampire mosquito bites your guardian golem but does no damage.
The vampire mosquito bites your guardian golem.
The vampire mosquito bites your guardian golem! x2
Your guardian golem overheats!
The vampire mosquito bites your guardian golem but does no damage. x2
The vampire mosquito bites your guardian golem but does no damage.
The vampire mosquito bites your guardian golem.
Flame seeps out of your guardian golem.
Your guardian golem is engulfed in blazing flames.
Flame seeps out of your guardian golem.
Your guardian golem is engulfed in blazing flames.
Your guardian golem disappears in a puff of smoke!
Your guardian golem explodes!
The fiery explosion engulfs the vampire mosquito!!
Casting: Summon Guardian Golem (safe; 1% risk of failure)
Confirm with . or Enter, or press ? or * to list all spells.
Aiming: Freezing Cloud (dangerous; 1% risk of failure)
Press: ? - help, Dir - move target, f - vampire mosquito
Aim: a vampire mosquito (almost destroyed)
The centaur warrior is engulfed in freezing vapours.
The vampire mosquito is engulfed in freezing vapours.
You destroy the vampire mosquito!
Vehumet accepts your kill.
You feel your power returning.
The centaur warrior is engulfed in freezing vapours.
The centaur warrior unwields a +0 rapier.
The centaur warrior wields a +1 orcbow of flaming.
It bursts into flame!
The centaur warrior shoots an arrow.
The arrow hits you!!
You die...

..#
###†#.#.######..
..#
#.....#........#
..#
#)###.#.########
..#
#...#...#..c#
..#
#.#.###'#.#§#
..#
#.#.#.)}#.#.#
###
#.#.#.[[#.#§#
#.#.#######.#
#.#.......@.#
#############


You could see a centaur warrior.

Vanquished Creatures
  Erica (D:10)
  Maurice (D:8)
  Maggie (D:8)
  An orange demon (D:7)
  Psyche (D:10)
  An unseen horror zombie (D:7)
  An efreet (D:10)
  A yak (D:8)
  A wyvern (D:10)
  A dancing weapon (D:8)
  Grum (D:10)
  A steam dragon (D:8)
  A vampire mosquito (D:10)
  A water moccasin (D:7)
  3 orc warriors (D:10)
  A sky beast (D:8)
  2 wolves (D:10)
  2 centaurs
  2 bullfrogs
  A gnoll sergeant (D:7)
  4 scorpions
  5 killer bees (D:10)
  An electric eel (D:10)
  2 howler monkeys
  A gnoll bouda (D:8)
  4 orc priests
  A hound (D:6)
  5 orc wizards
  A killer bee zombie (D:7)
  13 gnolls
  6 adders
  3 white imps
  An ufetubus (D:5)
  33 orcs
  An endoplasm (D:3)
  4 giant cockroaches
  2 hobgoblins
  4 jackals
  A quokka (D:5)
  3 ball pythons
  2 bats
  2 frilled lizards (D:1)
  3 goblins
  5 kobolds
  2 rats (D:4)
134 creatures vanquished.

Vanquished Creatures (collateral kills)
  A two-headed ogre (D:9)
  Sigmund (D:2)
  An orc warrior (D:10)
  An ogre (D:6)
  Blork the orc (D:5)
  3 orcs
  2 ball pythons
  2 endoplasms (D:1)
  2 goblins
  2 hobgoblins
  2 jackals (D:3)
  2 quokkas
  A bat (D:1)
  5 kobolds
26 creatures vanquished.

Vanquished Creatures (others)
  Amaemon (D:7)
  Pikel (D:6)
  Joseph (D:8)
  A slime creature (D:10)
  5 yaks
  5 dancing weapons
  2 vampire mosquitoes (D:10)
  Edmund (D:6)
  An acid dragon (D:10)
  A water moccasin (D:7)
  An ice beast (D:6)
  2 ogres
  A black bear (D:6)
  A sky beast (D:7)
  A scorpion (D:4)
  2 gnoll sergeants (D:7)
  A wyvern zombie (D:7)
  5 wights (D:6)
  A killer bee (D:10)
  A bullfrog zombie (D:7)
  A centaur zombie (D:7)
  Crazy Yiuf (D:2)
  4 gnoll boudas
  2 sleepcaps
  An iguana (D:5)
  A killer bee zombie (D:7)
  A howler monkey zombie (D:7)
  7 gnolls
  3 worms (D:4)
  3 orcs
  20 fulminant prisms
79 creatures vanquished.

Grand Total: 239 creatures vanquished

Notes
Turn   | Place    | Note
-------+----------+-------------------------------------------
     0 | D:1      | Chodeload the Deep Elf Wanderer began the quest for the
                  | Orb.
     0 | D:1      | Chodeload set off with the following items: a +0 dagger, a
                  | scroll of blinking, a +0 robe, a +0 cloak; and the
                  | following spells available to memorise: Slow, Summon Small
                  | Mammal, Tukima's Dance, Summon Guardian Golem, Cause Fear.
     0 | D:1      | Reached XP level 1. HP: 10/10 MP: 5/5
     2 | D:1      | Learned a level 1 spell: Summon Small Mammal
     4 | D:1      | Learned a level 1 spell: Slow
   370 | D:2      | Found a bloodstained altar of Trog.
   530 | D:1      | Reached XP level 2. HP: 15/15 MP: 1/7
  1252 | D:2      | Found a faded altar of an unknown god.
  1386 | D:2      | Reached XP level 3. HP: 19/19 MP: 1/9
  1390 | D:2      | Learned a level 3 spell: Summon Guardian Golem
  1521 | D:2      | Found Yptaffoock's Magic Scroll Shoppe.
  1526 | D:2      | Bought a scroll of identify for 24 gold pieces
  1528 | D:2      | Bought a scroll of magic mapping for 90 gold pieces
  1578 | D:2      | Reached skill level 5 in Hexes
  1596 | D:2      | Reached XP level 4. HP: 24/24 MP: 4/11
  1600 | D:2      | Learned a level 3 spell: Tukima's Dance
  1853 | D:2      | Noticed Sigmund
  2031 | D:3      | Found a sparkling altar of Nemelex Xobeh.
  2087 | D:3      | Identified the +3 rapier of Fedhas's Favour {drain, rElec
                  | Dex+2}
  2153 | D:3      | Found a white marble altar of Elyvilon.
  2161 | D:3      | Became a worshipper of Elyvilon the Healer
  2196 | D:3      | Found Dishi's Weapon Emporium.
  2857 | D:2      | Killed Sigmund
  2858 | D:2      | Reached XP level 5. HP: 28/28 MP: 5/12
  2858 | D:2      | Reached XP level 6. HP: 32/32 MP: 5/13
  2863 | D:2      | Learned a level 4 spell: Fulminant Prism
  2903 | D:2      | Bought a scroll of noise for 12 gold pieces
  2996 | D:2      | Found a runed translucent door.
  2997 | D:2      | Noticed Crazy Yiuf
  3007 | D:2      | Killed Crazy Yiuf
  3167 | D:4      | Reached * piety under Elyvilon
  3217 | D:4      | Noticed a moth of wrath
  3220 | D:4      | Found a bloodstained altar of Trog.
  3638 | D:4      | Found a glowing golden altar of the Shining One.
  3876 | D:5      | Entered Level 5 of the Dungeon
  3929 | D:5      | Reached skill level 5 in Conjurations
  3929 | D:5      | Reached XP level 7. HP: 36/36 MP: 13/15
  3949 | D:5      | Noticed Blork the orc
  3960 | D:5      | Killed Blork the orc
  4065 | D:5      | Reached ** piety under Elyvilon
  4250 | D:5      | Reached skill level 5 in Spellcasting
  4567 | D:5      | Found a staircase to the Ecumenical Temple.
  4590 | Temple   | Entered the Ecumenical Temple
  4595 | Temple   | Fell from the grace of Elyvilon
  4595 | Temple   | Became a worshipper of Vehumet
  4967 | D:6      | Reached XP level 8. HP: 38/41 MP: 19/19
  5024 | D:6      | Reached skill level 1 in Fighting
  5190 | D:6      | Noticed Pikel
  5200 | D:6      | Noticed Edmund
  5211 | D:6      | Killed Pikel
  5215 | D:6      | Killed Edmund
  5293 | D:6      | Reached XP level 9. HP: 50/50 MP: 20/20
  5461 | D:3      | Bought a +0 hand crossbow of freezing for 83 gold pieces
  5639 | D:7      | Reached skill level 1 in Ranged Weapons
  5786 | D:7      | Reached skill level 1 in Ice Magic
  5933 | D:7      | Reached * piety under Vehumet
  5933 | D:7      | Offered knowledge of Sandblast by Vehumet.
  6456 | D:7      | Found a basalt altar of Yredelemnul.
  6557 | D:7      | Reached skill level 10 in Conjurations
  6619 | D:7      | Learned a level 3 spell: Ozocubu's Armour
  6929 | D:8      | Noticed Maggie
  6933 | D:8      | Found Nyrisenn's Jewellery Emporium.
  6934 | D:8      | Noticed Amaemon
  6937 | D:8      | Noticed an orange demon
  6941 | D:8      | Killed Maggie
  6942 | D:8      | Reached skill level 5 in Ice Magic
  7136 | D:8      | Noticed Maurice
  7136 | D:8      | Noticed Joseph
  7816 | D:7      | Killed Amaemon
  7817 | D:7      | Reached XP level 10. HP: 56/56 MP: 16/21
  7821 | D:7      | Killed an orange demon
  8129 | D:8      | Reached ** piety under Vehumet
  8129 | D:8      | Offered knowledge of Searing Ray by Vehumet.
  8137 | D:8      | Killed Maurice
  8222 | D:8      | Killed Joseph
  8361 | D:8      | Found a staircase to the Lair.
  8410 | D:8      | Found a hide-covered altar of Uskayaw.
  8488 | D:8      | Reached skill level 5 in Air Magic
  8788 | D:2      | Bought a scroll of enchant armour for 90 gold pieces
  8788 | D:2      | Bought a scroll of identify for 24 gold pieces
  8788 | D:2      | Bought a scroll of identify for 24 gold pieces
  9090 | D:9      | Identified the ring "Riedi" {Drain Fly rC+ Str+6 Int+6}
  9110 | D:9      | Learned a level 5 spell: Freezing Cloud
  9409 | D:9      | Noticed a two-headed ogre
  9425 | D:9      | Killed a two-headed ogre
  9604 | D:10     | Entered Level 10 of the Dungeon
  9605 | D:10     | Noticed Psyche
  9613 | D:10     | Killed Psyche
  9764 | D:10     | Reached skill level 10 in Ice Magic
  9874 | D:10     | Found a stormy altar of Qazlal.
  9890 | D:10     | Offered knowledge of Static Discharge by Vehumet.
  9976 | D:10     | Reached XP level 11. HP: 60/60 MP: 22/22
  9988 | D:10     | Found an iron altar of Okawaru.
 10058 | D:10     | Noticed Grum
 10064 | D:10     | Killed Grum
 10099 | D:10     | Reached *** piety under Vehumet
 10177 | D:10     | Found a staircase to the Orcish Mines.
 10300 | D:10     | Noticed Erica
 10310 | D:10     | Killed Erica
 10665 | D:10     | Reached skill level 5 in Fighting
 10688 | D:10     | Noticed a centaur warrior
 10700 | D:10     | Shot with an arrow by a centaur warrior

Illustrated notes

Levels and vault maps discovered:
D:1:      minmay_arrival_four_houses, layout_rooms
D:2:      layout_rooms, ebering_ecumenical_altar_rust, basic_altar,
          serial_shops, nicolae_shop_trees, uniq_crazy_yiuf_cottage,
          uniq_sigmund
D:3:      layout_basic, mainiacjoe_overflow_big_doors, serial_shops,
          nicolae_shop_tiny_statue_garden, chequers_serial_rivers_small_b
D:4:      layout_loops_cross, tgw_trog, tso_oasis_becter
D:5:      layout_rooms, minmay_temple_entry_antechambers, st_stairs_6,
          kennysheep_doodads, grunt_ministairs_1, corexii_checkpoint_a,
          grunt_decor_arrowhead, chequers_serial_rivers_micro_e,
          minmay_misc_feat_doors, uniq_blork_the_orc
D:6:      layout_rooms, uniq_pikel, uniq_edmund
D:7:      layout_basic, nicolae_yredelemnul_corpse_copse, chequers_arboretum,
          pf_guarded_unrand_woodcutter
D:8:      layout_rooms, lemuel_doored_altar, dpeg_oklobed_lair, serial_shops,
          kennysheep_mini_moat, uniq_joseph, uniq_maggie, uniq_amaemon,
          uniq_maurice
D:9:      layout_roguey
D:10:     layout_basic, lemuel_tele_altar, nicolae_qazlal_scattered_showers,
          erik_orc_2, wad_mini_maze, uniq_erica, uniq_psyche, uniq_grum
Temple:   nicolae_temple_ecumenical_triangle

Skill      XL: |  1  2  3  4  5  6  7  8  9 10 11 |
---------------+----------------------------------+-----
Spellcasting   | 2 3 4 6 |  6.0
Summonings     | 4 |  4.0
Hexes          | 5 7 8 |  8.0
Conjurations   | 2 5 6 9 10 | 10.0
Fighting       | 3 5 |  5.1
Ranged Weapons | 4 |  4.2
Ice Magic      | 7 10 | 10.0
Air Magic      | 3 6 7 |  7.0
Dodging        | |  2.4
Invocations    | |  1.0

Action                     |  1- 3 |  4- 6 |  7- 9 | 10-12 || total
---------------------------+-------+-------+-------+-------++-------
  Melee: Dagger            |    46 |    75 |    78 |     2 ||   201
         Punch             |       |     1 |     1 |       ||     2
   Fire: Hand crossbow     |       |       |    44 |   166 ||   210
  Throw: Stone             |     2 |    12 |       |       ||    14
         Dart              |       |       |     7 |     2 ||     9
   Cast: Summon Small Mamm |    57 |    18 |     4 |       ||    79
         Summon Guardian G |     3 |    14 |    33 |    23 ||    73
         Tukima's Dance    |       |    11 |     9 |    11 ||    31
         Slow              |       |    10 |    15 |     3 ||    28
         Fulminant Prism   |       |       |    15 |     5 ||    20
         Ozocubu's Armour  |       |       |     4 |     4 ||     8
         Freezing Cloud    |       |       |       |    13 ||    13
    Use: Scroll            |     3 |     4 |     3 |     8 ||    18
         Potion            |       |       |     1 |     1 ||     2
   Stab: Distracted        |       |     1 |       |       ||     1
         Sleeping          |       |     1 |       |       ||     1
 Armour: Robe              |     9 |    12 |    73 |    12 ||   106
         Leather armour    |     5 |       |       |       ||     5
  Dodge: Dodged            |    35 |    37 |   129 |    45 ||   246

Table legend: (Time is in decaauts)
 A = Elapsed time spent in this place.
 B = Non-inter-level travel time spent in this place.
 C = Inter-level travel time spent in this place.
 D = Time resting spent in this place.
 E = Time spent auto-exploring this place.
 F = Levels seen in this place.
 G = Mean time per level.
                   A        B        C        D        E       F      G
               +--------+--------+--------+--------+--------+-----+--------+
         Total |  10868 |   8887 |   1981 |   1200 |    595 |  11 |  988.0 |
       Dungeon |  10858 |   8877 |   1981 |   1200 |    595 |  10 | 1085.8 |
        Temple |     10 |     10 |      0 |      0 |      0 |   1 |   10.0 |
               +--------+--------+--------+--------+--------+-----+--------+

Top non-repeatable levels by time:
     D:7: 2544 daAuts
     D:2: 1310 daAuts
    D:10: 1140 daAuts
     D:1: 975 daAuts
     D:3: 934 daAuts
     D:4: 919 daAuts
     D:5: 829 daAuts
     D:9: 772 daAuts
     D:6: 766 daAuts
     D:8: 663 daAuts
  Temple: 10 daAuts
